 Dungeon Crawl Stone Soup version 0.23.2 (webtiles) character file.

Game seed: 9087558767976352350

498 Marnok the Cudgeler (level 6, -9/48 HPs)
             Began as a Demonspawn Fighter on Apr 8, 2019.
             Was an Initiate of Okawaru.
             Mangled by an ogre
             ... wielding a +0 giant club
              (20 damage)
             ... on level 4 of the Dungeon.
             The game lasted 00:10:01 (3299 turns).

Marnok the Cudgeler (Demonspawn Fighter)            Turns: 3299, Time: 00:10:01

Health: -9/48      AC: 18    Str: 23      XL:     6   Next: 94%
Magic:  6/6        EV:  8    Int:  9      God:    Okawaru [......]
Gold:   132        SH:  9    Dex: 10 (13) Spells: 5/5 levels left

rFire    + . .     SeeInvis .   a - +0 flail
rCold    . . .     Gourm    .   c - +0 shield
rNeg     . . .     Faith    .   b - +0 scale mail
rPois    +         Spirit   .   (no helmet)
rElec    .         Reflect  .   e - +1 cloak {rPois}
rCorr    .         Harm     .   (no gloves)
MR       .....                  (no boots)
Stlth    ..........             (no amulet)
HPRegen  0.16/turn              g - ring of protection from fire
MPRegen  0.10/turn              (no ring)

@: mighty, sanguine armour, very slightly contaminated
A: sanguine armour 2
a: Renounce Religion


You were on level 4 of the Dungeon.
You worshipped Okawaru.
Okawaru was noncommittal.
You were not hungry.

You visited 1 branch of the dungeon, and saw 4 of its levels.

You collected 132 gold pieces.

Inventory:

Hand Weapons
 a - a +0 flail (weapon)
 d - a +2 quarterstaff of chaos
Armour
 b - a +0 scale mail (worn)
 c - a +0 shield (worn)
 e - a +1 cloak of poison resistance (worn)
Jewellery
 g - a ring of protection from fire (left hand)
Scrolls
 j - a scroll of amnesia
 l - a scroll of fog
 m - 2 scrolls of identify
Potions
 h - 2 potions of agility
 n - a potion of flight
 p - a potion of berserk rage
Comestibles
 f - 7 rations
 i - 2 chunks of flesh


   Skills:
 + Level 4.2 Fighting
 + Level 4.5 Maces & Flails
 + Level 3.9 Armour
 + Level 1.2 Dodging
 + Level 0.4 Stealth
 + Level 3.7 Shields


You had 5 spell levels left.
You didn't know any spells.
Your spell library was empty.

Dungeon Overview and Level Annotations

Branches:
Dungeon (4/15)
 Temple: D:4-7

Altars:
Elyvilon
Okawaru
Ru
Uskayaw
Xom
Yredelemnul
Zin


Innate Abilities, Weirdness & Mutations

When seriously injured, your bleeding wounds create thick armour. (AC +9)


Message History

There is an open door here.
Blink to where?
Press: ? - help, Dir - move target cursor You are very lightly contaminated with residual magic.
As you read the scroll of blinking, it crumbles to dust.
Found 10 gold pieces.
There is an open door here.
You close the door.
As you read the scroll labeled RINOLAITSOREE, it crumbles to dust.
You feel blessed for a moment.
It was a scroll of remove curse.
An ogre opens the door.
As you open the door, it creaks loudly!
There is an open door here.
A giant cockroach comes into view.
Your shield and scale mail prevent you from hitting the ogre.
A jackal skeleton comes into view.
The ogre barely misses you.
You feel very mighty all of a sudden.
The ogre hits you with a +0 giant club!!
You die...

####'######.#
#........##.#
#...Z....##.#
#........##.#
#........##'#+###
#........#......#
#........'......# ####
#....$.O.#......#####...
#......@.#......'.ยง.'...
#........#......#####...
#........#......# #...
##########......# #...
#......# #... #......#
#... #......# #...
######## ####


You could see an ogre and a jackal skeleton.

Vanquished Creatures
  An ogre (D:3)
  A scorpion (D:4)
  Crazy Yiuf (D:2)
  An orc priest (D:3)
  4 orc wizards
  A worker ant (D:4)
  Terence (D:2)
  3 adders
  3 gnolls
  An ooze (D:1)
  A worm (D:2)
  4 leopard geckos
  7 orcs
  4 giant cockroaches
  9 goblins
  5 hobgoblins
  4 jackals
  6 quokkas (D:2)
  8 bats
  3 frilled lizards
  5 kobolds
  A quokka skeleton (D:4)
  9 rats
83 creatures vanquished.

Notes
Turn   | Place    | Note
-------+----------+-------------------------------------------
     0 | D:1      | Marnok the Demonspawn Fighter began the quest for the Orb.
     0 | D:1      | Reached XP level 1. HP: 18/18 MP: 1/1
   131 | D:1      | Gained mutation: When seriously injured, your bleeding
                  | wounds create armour. (AC +9) [demonic ancestry]
   131 | D:1      | Reached XP level 2. HP: 24/24 MP: 2/2
   793 | D:2      | Reached XP level 3. HP: 29/29 MP: 3/3
   881 | D:2      | Found a sacrificial altar of Ru.
  1149 | D:1      | Reached XP level 4. HP: 19/35 MP: 4/4
  1336 | D:2      | Found a hide-covered altar of Uskayaw.
  1467 | D:2      | Found a glowing silver altar of Zin.
  1580 | D:2      | Noticed Terence
  1603 | D:2      | Killed Terence
  1849 | D:2      | Found a runed translucent door.
  1850 | D:2      | Noticed Crazy Yiuf
  1937 | D:2      | Gained mutation: When seriously injured, your bleeding
                  | wounds create thick armour. (AC +9) [demonic ancestry]
  1937 | D:2      | Reached XP level 5. HP: 18/42 MP: 5/5
  2183 | D:2      | Killed Crazy Yiuf
  2304 | D:3      | Noticed an ogre
  2314 | D:3      | Killed an ogre
  2314 | D:3      | Reached skill level 1 in Dodging
  2314 | D:3      | Reached XP level 6. HP: 20/48 MP: 6/6
  2794 | D:3      | Found a basalt altar of Yredelemnul.
  2841 | D:3      | Found a white marble altar of Elyvilon.
  2842 | D:3      | Found a shimmering altar of Xom.
  2985 | D:3      | Found an iron altar of Okawaru.
  3027 | D:3      | Became a worshipper of Warmaster Okawaru
  3299 | D:4      | Mangled by an ogre

Skill      XL: |  1  2  3  4  5  6 |
---------------+-------------------+-----
Armour         | 3 |  3.9
Maces & Flails | 2 3 4 |  4.5
Shields        | 3 |  3.7
Fighting       | 4 |  4.2
Dodging        | 1 |  1.2
Stealth        | |  0.4

Action                   |  1- 3 |  4- 6 || total
-------------------------+-------+-------++-------
Melee: Flail             |   122 |   226 ||   348
  Use: Potion            |     1 |     7 ||     8
       Scroll            |       |     9 ||     9
  Eat: Chunk             |     1 |     7 ||     8
Armor: Scale mail        |    70 |   117 ||   187
       Skin              |       |     1 ||     1
Dodge: Dodged            |    46 |    68 ||   114
Block: Shield            |    80 |    99 ||   179
